 Dungeon Sprint DCSS version 0.22-a0-379-ga9d99d6 (webtiles) character file.

2652 emperorscorpion the Blocker (level 9, -2/74 HPs)
             Began as a Formicid Fighter on Apr 28, 2018.
             Was a High Priest of Cheibriados.
             Slain by a nine-headed hydra (12 damage)
             ... in the Dungeon (Sprint IX: "|||||||||||||||||||||||||||||").
             The game lasted 00:03:59 (666 turns).

emperorscorpion the Blocker (Formicid Fighter)       Turns: 666, Time: 00:04:00

Health: -2/74      AC: 14    Str: 34    XL:     9   Next: 93%
Magic:  5/12       EV: 12    Int: 21    God:    Cheibriados [*****.]
Gold:   10         SH: 16    Dex: 29    Spells: 8/8 levels left

rFire    . . .     SeeInvis +   a - +1 trident
rCold    . . .     Gourm    .   c - +0 shield
rNeg     . . .     Faith    .   u - +1 chain mail
rPois    .         Spirit   .   (helmet unavailable)
rElec    .         Reflect  .   (no cloak)
rCorr    .         Harm     .   (no gloves)
MR       .....                  (no boots)
Stlth    ..........             (no amulet)
HPRegen  0.22/turn              v - +3 ring of dexterity
MPRegen  0.13/turn              w - +2 ring of protection

@: very slow
A: permanent stasis, dig shafts and tunnels, four strong arms, antennae 3
a: Dig, Bend Time, Temporal Distortion, Slouch, Step From Time, Renounce
Religion


You were in the Dungeon.
You worshipped Cheibriados.
Cheibriados was extremely pleased with you.
You were not hungry.

You visited 1 branch You collected 10 gold pieces.

Inventory:

Hand Weapons
 a - a +1 trident (weapon)
 b - a +2 glaive of chopping
 l - a +2 halberd of venom
Armour
 c - a +0 shield (worn)
 r - a +0 scale mail
 s - a +0 helmet
 t - a +0 helmet
 u - a +1 chain mail (worn)
Magical Staves
 q - an uncursed staff of energy
Jewellery
 v - a +3 ring of dexterity (left hand)
 w - a +2 ring of protection (right hand)
Scrolls
 k - 3 scrolls of blinking
 n - 3 scrolls of remove curse
 o - 2 scrolls of amnesia
 y - 2 scrolls of identify
 B - a scroll of fear
Potions
 d - 3 potions of might
 e - a potion of invisibility
 g - 6 potions of heal wounds
 h - a potion of haste
 i - 4 potions of magic
 j - a potion of berserk rage
 m - 4 potions of curing
 z - a potion of brilliance
 A - a potion of lignification
Comestibles
 f - 2 rations
 x - 3 chunks of flesh


   Skills:
 + Level 7.9 Fighting
 + Level 13.8 Polearms
 + Level 9.4 Armour
 + Level 3.3 Dodging
 + Level 13.8 Shields
 + Level 4.2 Evocations


You had 8 spell levels left.
You didn't know any spells.

Dungeon Overview and Level Annotations

Branches:
Dungeon (1/1)

Altars:
Cheibriados
Dithmenos
Elyvilon
Fedhas
Gozag
Hepliaklqana
Kikubaaqudgha
Makhleb
Nemelex Xobeh
Okawaru
Qazlal
Ru
Sif Muna
Trog
Uskayaw
Vehumet
Wu Jian
Xom
Yredelemnul
Zin
The Shining One
Beogh
Jiyva
Lugonu


Innate Abilities, Weirdness & Mutations

You cannot be hasted, slowed, berserked, paralysed or teleported.
You can dig through walls and to a lower floor.
Your four strong arms can wield two-handed weapons with a shield.
You have a pair of large antennae on your head. (SInv)


Message History

The nine-headed hydra bites you!
* * * LOW HITPOINT WARNING * * *
You block the nine-headed hydra's attack.
The nine-headed hydra bites you.
* * * LOW HITPOINT WARNING * * *
The nine-headed hydra completely misses you.
You block the blink frog's attack.
A porcupine comes into view.
Okay, then.
Evoke which item? (* to show all) (? for menu, Esc to quit)
Okay, then.
a - a +1 trident (weapon)
The nine-headed hydra closely misses you.
The nine-headed hydra bites you.
* * * LOW HITPOINT WARNING * * *
The nine-headed hydra misses you. The nine-headed hydra bites you.
* * * LOW HITPOINT WARNING * * *
You block the nine-headed hydra's attack. x2
The nine-headed hydra misses you. The nine-headed hydra bites you!
You die...

▓.▓.▓.▓
▓.▓.▓.▓
▓.▓.▓.▓
{
▓.▓.▓.▓
{
▓'▓.▓.▓
{
▓_▓.▓.▓
{
▓_▓.▓.▓
{
▓_▓.▓F▓
{
▓_▓.▓@▓
{
▓_▓.▓D▓
{
▓_▓.▓F▓
{
▓_▓.▓F▓
{
▓_▓.▓t▓
{
▓_▓.▓.▓
{
▓_▓.▓r▓
{
▓_▓.▓.▓
▓_▓.▓ {


You could see a nine-headed hydra, a blink frog, a crocodile, 2 bullfrogs and a
porcupine.

Vanquished Creatures
  A hydra (D)
  A death knight (D)
  An ugly thing (D)
  A hippogriff (D)
  2 ice beasts (D)
  A porcupine (D)
  An orc warrior (D)
  A sky beast (D)
  A crocodile (D)
  A howler monkey (D)
  A crimson imp (D)
  An orc wizard (D)
  A jelly (D)
  A worker ant (D)
  An adder skeleton (D)
  2 dart slugs (D)
  2 orcs (D)
  A bat (D)
  A bat skeleton (D)
  2 hobgoblins (D)
24 creatures vanquished.

Notes
Turn   | Place    | Note
-------+----------+-------------------------------------------
     0 | D        | emperorscorpion the Formicid Fighter began the quest for the Orb.
     0 | D        | Reached XP level 1. HP: 18/18 MP: 1/1
    16 | D        | Reached XP level 2. HP: 21/25 MP: 2/2
    89 | D        | Noticed an ice beast
    94 | D        | Reached skill level 5 in Armour
    94 | D        | Reached skill level 5 in Shields
    94 | D        | Reached XP level 3. HP: 23/31 MP: 3/3
   110 | D        | Reached XP level 4. HP: 28/38 MP: 4/4
   112 | D        | Reached skill level 5 in Fighting
   126 | D        | Killed an ice beast
   126 | D        | Reached skill level 5 in Polearms
   126 | D        | Reached skill level 1 in Dodging
   126 | D        | Reached XP level 5. HP: 25/46 MP: 5/5
   133 | D        | Found a roughly hewn altar of Beogh.
   133 | D        | Found a snail-covered altar of Cheibriados.
   133 | D        | Found a shadowy altar of Dithmenos.
   133 | D        | Found a white marble altar of Elyvilon.
   133 | D        | Found a blossoming altar of Fedhas.
   133 | D        | Found an opulent altar of Gozag.
   134 | D        | Found a hazy altar of Hepliaklqana.
   135 | D        | Found a viscous altar of Jiyva.
   136 | D        | Found an ancient bone altar of Kikubaaqudgha.
   137 | D        | Found a corrupted altar of Lugonu.
   139 | D        | Became a worshipper of Cheibriados the Contemplative
   141 | D        | Found a burning altar of Makhleb.
   142 | D        | Found a sparkling altar of Nemelex Xobeh.
   143 | D        | Found an iron altar of Okawaru.
   144 | D        | Found a stormy altar of Qazlal.
   145 | D        | Found a sacrificial altar of Ru.
   146 | D        | Found a deep blue altar of Sif Muna.
   147 | D        | Found a bloodstained altar of Trog.
   148 | D        | Found a hide-covered altar of Uskayaw.
   149 | D        | Found a radiant altar of Vehumet.
   150 | D        | Found an ornate altar of the Wu Jian Council.
   151 | D        | Found a shimmering altar of Xom.
   152 | D        | Found a basalt altar of Yredelemnul.
   153 | D        | Found a glowing silver altar of Zin.
   154 | D        | Found a glowing golden altar of the Shining One.
   254 | D        | Noticed a sky beast
   254 | D        | Noticed an orc warrior
   257 | D        | Reached XP level 6. HP: 49/52 MP: 6/6
   263 | D        | Reached * piety under Cheibriados
   271 | D        | Killed a sky beast
   271 | D        | Reached ** piety under Cheibriados
   278 | D        | Killed an orc warrior
   278 | D        | Reached skill level 10 in Shields
   278 | D        | Reached XP level 7. HP: 13/59 MP: 7/7
   284 | D        | Reached *** piety under Cheibriados
   513 | D        | Noticed a death knight
   513 | D        | Noticed a six-headed hydra
   513 | D        | Noticed a white ugly thing
   518 | D        | Killed a six-headed hydra
   518 | D        | Reached skill level 1 in Evocations
   518 | D        | Reached XP level 8. HP: 67/67 MP: 7/9
   521 | D        | Killed a death knight
   521 | D        | Reached **** piety under Cheibriados
   521 | D        | Reached XP level 9. HP: 38/72 MP: 7/11
   522 | D        | Killed a white ugly thing
   524 | D        | Reached ***** piety under Cheibriados
   659 | D        | Noticed an eight-headed hydra
   659 | D        | Noticed a blink frog
   659 | D        | Noticed a hippogriff
   662 | D        | Killed a hippogriff
   666 | D        | Slain by a nine-headed hydra

Vault maps used:
D:        linesprint

Skill      XL: |  1  2  3  4  5  6  7  8  9 |
---------------+----------------------------+-----
Shields        | 4 5 6 8 10 12 13 | 13.8
Armour         | 4 5 6 7 8 9 |  9.4
Fighting       | 4 5 6 7 |  7.9
Polearms       | 3 5 6 8 11 12 13 | 13.8
Dodging        | 1 2 3 |  3.3
Evocations     | 1 3 4 |  4.2

Action                   |  1- 3 |  4- 6 |  7- 9 || total
-------------------------+-------+-------+-------++-------
Melee: Trident           |    44 |    16 |       ||    60
       Halberd           |       |    24 |    16 ||    40
       Glaive            |       |       |     1 ||     1
Invok: Bend Time         |       |       |     2 ||     2
Evoke: Wand              |       |       |    10 ||    10
  Use: Potion            |     1 |       |     1 ||     2
       Scroll            |       |       |     2 ||     2
Armor: Scale mail        |    10 |     5 |       ||    15
       Chain mail        |       |    12 |    14 ||    26
Dodge: Dodged            |    14 |     9 |    15 ||    38
Block: Shield            |    17 |    26 |    31 ||    74

Table legend:
 A = Spawn XP
 B = Non-spawn XP
 C = Spawn XP percentage of total XP
 D = Spawn monster count
 E = Non-spawn monster count
 F = Spawn count percentage of total count
 G = Total turns spent on level
                    A         B        C        D         E        F      G
               +---------+---------+-------+---------+---------+-------+---------
         Total |       0 |    3789 |   0.0 |       0 |      24 |   0.0 |   666
               +---------+---------+-------+---------+---------+-------+---------
             D |       0 |    3789 |   0.0 |       0 |      24 |   0.0 |   666
               +---------+---------+-------+---------+---------+-------+---------
